 Dungeon Crawl Stone Soup version 0.18.1-50-g88ac8fd (webtiles) character file.

347 theElss the Conjurer (level 6, -3/41 HPs)
             Began as a High Elf Conjurer on Sept 26, 2016.
             Slain by a worker ant (7 damage)
             ... on level 4 of the Dungeon.
             The game lasted 00:11:36 (3251 turns).

theElss the Conjurer (High Elf Conjurer)            Turns: 3251, Time: 00:11:38

Health: -3/41      AC:  3    Str:  7    XL:     6   Next: 32%
Magic:  2/12       EV: 14    Int: 20    God:
Gold:   124        SH:  0    Dex: 17    Spells: 4 memorised, 0 levels left

rFire  + . .     SeeInvis .     e - +0 dagger
rCold  . . .     Gourm    .     a - +0 robe
rNeg   . . .     Faith    .     (no shield)
rPois  .         Spirit   .     (no helmet)
rElec  .         Dismiss  .     (no cloak)
rCorr  .         Reflect  .     g - +0 pair of gloves
SustAt .         Harm     .     (no boots)
MR     .....                    (no amulet)
Stlth  +.........               s - ring of protection from fire
                                k - ring of loudness

@: not resistant to hostile enchantments, very unstealthy
A: no striking features
a: no special abilities


You were on level 4 of the Dungeon.
You were not hungry.

You visited 1 branch of the dungeon, and saw 4 of its levels.

You collected 124 gold pieces.

Inventory:

Hand Weapons
 e - a +0 dagger (weapon)
Armour
 a - a +0 robe (worn)
 g - a +0 pair of gloves (worn)
Jewellery
 k - a ring of loudness (left hand)
 s - a ring of protection from fire (right hand)
Wands
 n - a wand of digging (11/24)
 o - a wand of random effects (22/48)
Scrolls
 f - a scroll of immolation {unknown}
 l - a scroll of recharging
 m - a scroll of remove curse
 r - 2 scrolls of blinking {unknown}
Potions
 d - a potion of heal wounds
 h - a potion of flight
 j - a potion of lignification
 t - a potion of might {unknown}
Books
 b - a book of Conjurations

   Spells                             Type                      Level
   a - Magic Dart                     Conjuration                  1
   b - Searing Ray                    Conjuration                  2
   c - Dazzling Spray                 Conjuration/Hexes            3
   d - Fulminant Prism                Conjuration/Hexes            4
   e - Iskenderun's Mystic Blast      Conjuration                  4
   f - Iskenderun's Battlesphere      Conjuration/Charms           5
Comestibles
 c - 2 bread rations
 i - a beef jerky
 q - a meat ration


   Skills:
 * Level 2.4 Fighting
 + Level 3.4 Dodging
 - Level 2.1 Stealth
 + Level 3.8 Spellcasting
 + Level 6.6 Conjurations


You couldn't memorise any spells.
You knew the following spells:

 Your Spells              Type           Power        Failure   Level  Hunger
a - Magic Dart            Conj           ####         1%          1    None
b - Iskenderun's Battles  Conj/Chrm      ###.....     89%         5    ######.
c - Searing Ray           Conj           ####..       1%          2    ##.....
d - Iskenderun's Mystic   Conj           ####....     10%         4    ####...


Dungeon Overview and Level Annotations

Branches:
Dungeon (4/15)
 Temple: D:4-7

Altars:
Ashenzari
Pakellas


Message History

The exploding tomahawk explodes!
The explosion of tomahawk fragments engulfs you!
The explosion of tomahawk fragments engulfs the hound.
The hound closely misses you.
An adder comes into view.
Casting: Magic Dart
Confirm with . or Enter, or press ? or * to list all spells.
You don't have enough magic to cast that spell.
Unknown command.
The hound bites you but does no damage. The hound closely misses you.
The hound bites you but does no damage. The hound barely misses you.
A worker ant comes into view.
The hound bites you.
* * * LOW HITPOINT WARNING * * *
The hound bites you.
* * * LOW HITPOINT WARNING * * *
The worker ant bites you!
You die...

.$..!........ ..
#................## ..
#..................
#.##.................#
...................#
#.#................#
#####.#.......<.......#
.......##.a@..##.)...#
#....h....###o.#
#.S########.).## ##.#
#.o### . #.##
####o#####.#
#..###....S......
##...............
##...............
##................


You could see a hound, a worker ant and an adder.

Vanquished Creatures
  An ogre (D:4)
  Ijyb (D:3)
  Terence (D:3)
  Natasha (thrice) (D:2)
  An orc wizard (D:4)
  5 adders
  A worm (D:3)
  5 dart slugs
  3 giant geckos
  3 orcs
  2 giant cockroaches
  2 goblins
  2 hobgoblins
  3 jackals (D:1)
  2 quokkas
  2 ball pythons
  A ball python skeleton (D:4)
  5 bats
  7 giant newts
  4 kobolds
  8 rats
62 creatures vanquished.

Notes
Turn   | Place    | Note
--------------------------------------------------------------
     0 | D:1      | theElss the High Elf Conjurer began the quest for the Orb.
     0 | D:1      | Reached XP level 1. HP: 11/11 MP: 4/4
   453 | D:1      | Reached XP level 2. HP: 17/17 MP: 3/6
   457 | D:1      | Learned a level 2 spell: Searing Ray
   539 | D:1      | Reached skill level 5 in Conjurations
  1079 | D:2      | Reached XP level 3. HP: 22/22 MP: 5/7
  1118 | D:2      | Found a shattered altar of Ashenzari.
  1171 | D:2      | Reached skill level 1 in Fighting
  1309 | D:2      | Noticed Natasha
  1313 | D:2      | Killed Natasha
  1313 | D:2      | Reached XP level 4. HP: 28/28 MP: 3/8
  1649 | D:2      | Noticed Natasha
  1661 | D:2      | Killed Natasha
  1809 | D:2      | Noticed Natasha
  1813 | D:2      | Killed Natasha
  1813 | D:2      | Reached skill level 6 in Conjurations
  1813 | D:2      | Reached XP level 5. HP: 27/33 MP: 4/10
  2063 | D:2      | Found an oddly glowing altar of Pakellas.
  2280 | D:3      | Noticed Terence
  2302 | D:3      | Killed Terence
  2384 | D:3      | Learned a level 4 spell: Iskenderun's Mystic Blast
  2431 | D:3      | Noticed Ijyb
  2446 | D:3      | Killed Ijyb
  3122 | D:4      | Noticed an ogre
  3125 | D:4      | Killed an ogre
  3125 | D:4      | Reached XP level 6. HP: 39/39 MP: 2/12
  3132 | D:4      | Learned a level 5 spell: Iskenderun's Battlesphere
  3251 | D:4      | Slain by a worker ant

Skill      XL: |  1  2  3  4  5 |
---------------+----------------+-----
Conjurations   | 5 6 |  6.6
Fighting       | 1 2 |  2.4
Dodging        | 3 |  3.4
Spellcasting   | 3 |  3.8
Stealth        | |  2.1

Action                   |  1- 3 |  4- 6 || total
-------------------------+-------+-------++-------
Melee: Unarmed           |     2 |       ||     2
       Dagger            |       |    15 ||    15
 Cast: Magic Dart        |    55 |    71 ||   126
       Searing Ray       |       |     5 ||     5
       Iskenderun's Myst |       |     2 ||     2
  Use: Scroll            |       |     4 ||     4
  Eat: Chunk             |     1 |     7 ||     8
Armor: Robe              |     1 |     4 ||     5
Dodge: Dodged            |    15 |    24 ||    39
